 Dungeon Crawl Stone Soup version 0.28.0-1-gb440e238dd (webtiles) character file.

Game seed: 5902319469114421204

24110 mcwallace the Nimble (level 13, -2/99 HPs)
             Began as a Djinni Fire Elementalist on Feb 21, 2022.
             Was a Follower of Ashenzari.
             Slain by a large abomination (30 damage)
             ... on level 1 of the Abyss.
             The game lasted 01:03:27 (26233 turns).

mcwallace the Nimble (Djinni Fire Elementalist)    Turns: 26233, Time: 01:03:28

Health: -2/99      AC: 20    Str: 10    XL:     13   Next: 40%
Gold:   1118       EV: 10    Int: 23    God:    Ashenzari [*.....] SH:  0 Dex: 21

rFire   + + .      SeeInvis .   A - +5 battleaxe (spect) {axe}
rCold   . . .      Faith    .   (shield currently unavailable)
rNeg    . . .      Spirit   .   S - +1 storm dragon scales "Niunk" {rElec Int+2, rare}
rPois   ∞          Reflect  .   (no helmet)
rElec   +          Harm     .   u - +0 cloak "Tethered Gloom" {Fort, Evo} (curse)
rCorr   .          Rampage  .   R - +1 pair of gloves of the Heavens {Str+3, Fort, Self} (curse)
Will    +....                   (boots unavailable)
Stlth   ..........              (no amulet)
HPRegen 0.26/turn               k - ring of protection from cold
MPRegen 0.00/turn               V - +6 ring of dexterity

@: about to teleport, flying, studying Spellcasting
A: sickness immunity, fire resistance 2, cold vulnerability 1, float, innate
caster, HP casting, extra vitality 1
a: Renounce Religion, Shatter the Chains


You were on level 1 of the Abyss.
You worshipped Ashenzari.
Ashenzari was aware of your devotion.
You visited 3 branches of the dungeon, and saw 15 of its levels.
You visited the Abyss 2 times.
You also visited: Bailey.

You collected 1118 gold pieces.


Innate Abilities, Weirdness & Mutations

You are immune to sickness and miasma.
You are immune to poison.
Your flesh is very heat resistant. (rF++)
You are vulnerable to cold. (rC-)
You float through the air rather than walking.
You learn spells naturally, not from books.
Your magical power is your life essence.
You have superior vitality. (+4 MHP)


   Skills:
 + Level 10.8(11.6) Fighting
 + Level 9.9(11.2) Armour
 + Level 11.9 Dodging
 - Level 1.5 Stealth
 + Level 9.8(10.6) Spellcasting
 - Level 6.1(7.0) Evocations


You had one spell level left.
You knew the following spells:

 Your Spells              Type           Power      Damage    Failure   Level
a - Foxfire               Conj/Fire      100%       2x1d9     1%          1
b - Scorch                Fire           100%       2d10      2%          2
c - Conjure Flame         Conj/Fire      57%        6-21      5%          3
d - Inner Flame           Hex/Fire       57%        N/A       5%          3
e - Flame Wave            Conj/Fire      57%        2d11      19%         4
f - Animate Skeleton      Necr           100%       N/A       1%          1
g - Wereblood             Tmut           57%        N/A       2%          2
h - Ozocubu's Armour      Ice            57%        N/A       5%          3
i - Confusing Touch       Hex            57%        N/A       5%          3
j - Agony                 Necr           57%        N/A       45%         5
k - Manifold Assault      Tloc           57%        N/A       45%         5
Your spell library was empty.

Inventory:

Hand Weapons
 i - a +2 dagger of speed {short}
   (You took it off a goblin on level 1 of the Dungeon)
 x - a +7 halberd of venom {polearm}
   (You took it off a wight on level 7 of the Dungeon)
 A - a +5 spectral battleaxe (weapon) {axe}
   (You took it off a wight on level 7 of the Dungeon)
 Q - a +0 vampiric halberd {polearm}
   (You took it off a vampire in a bailey)
Missiles
 I - 15 boomerangs {throwing}
 L - 22 poisoned darts {throwing}
 M - 3 curare-tipped darts {=fthrowing}
 U - 64 sling bullets
Armour
 q - a +1 chain mail of poison resistance
   (You took it off Terence on level 3 of the Dungeon)
 u - the cursed +0 cloak "Tethered Gloom" (worn) {Fort, Evo}
   (You took it off Crazy Yiuf on level 3 of the Dungeon)

   It has a curse which improves the following skills: Fortitude: Armour and
   Shields.
   Evocations: Evocations.
 D - a +0 troll leather armour
   (You found it on level 3 of the Lair of Beasts)
 K - a +2 robe of positive energy
   (You took it off a wight on level 6 of the Dungeon)
 R - the cursed +1 pair of gloves of the Heavens (worn) {Str+3, Fort, Self}
   (You found it in a bailey)

   It has a curse which improves the following skills: Fortitude: Armour and
   Shields.
   Introspection: Fighting and Spellcasting.
 S - the +1 storm dragon scales "Niunk" (worn) {rElec Int+2, rare}
   (You found it in a bailey)

   Int:       It affects your intelligence (+2).
   rElec:     It insulates you from electricity.
Jewellery
 c - a +6 ring of strength
   (You found it on level 10 of the Dungeon)
 k - a ring of protection from cold (left hand)
   (You found it on level 1 of the Dungeon)
 t - a +6 ring of strength
   (You found it on level 3 of the Dungeon)
 w - an amulet of faith {!P}
   (You found it on level 1 of the Lair of Beasts)
 y - a ring of protection from fire
   (You found it on level 4 of the Dungeon)
 E - a ring of ice
   (You found it on level 1 of the Lair of Beasts)
 N - a ring of resist corrosion
   (You found it on level 6 of the Dungeon)
 V - a +6 ring of dexterity (right hand)
   (You found it on level 7 of the Dungeon)
 X - a +6 ring of dexterity
   (You found it on level 8 of the Dungeon)
Wands
 n - a wand of iceblast (6)
   (You found it on level 3 of the Lair of Beasts)
 r - a wand of paralysis (6)
   (You took it off Ijyb on level 3 of the Dungeon)
 C - a wand of flame (21)
   (You found it on level 4 of the Dungeon)
Scrolls
 b - 2 scrolls of vulnerability {!r!r}
 d - a scroll of enchant armour
 g - 3 scrolls of torment {!r}
 m - 2 scrolls of identify {@r1}
 z - 5 scrolls of teleportation {@r4}
 B - 3 scrolls of fear
 F - 5 scrolls of immolation {!r!r}
 G - a scroll of magic mapping {!r}
 J - 2 scrolls of blinking {!r}
 O - 2 scrolls of fog
 T - 3 scrolls of noise {!r}
 W - a scroll of silence {!r}
Potions
 a - 2 potions of cancellation
 e - 5 potions of flight
 f - 2 potions of brilliance
 h - 4 potions of resistance
 j - a potion of haste {@q3}
 l - 6 potions of curing {@q1}
 o - 2 potions of invisibility
 s - a potion of lignification {!q}
 v - 2 potions of ambrosia
 H - 2 potions of mutation {!q}
 P - 3 potions of might
 Y - 2 potions of berserk rage {!q}
Miscellaneous
 p - a phantom mirror
   (You found it on level 9 of the Dungeon)

Dungeon Overview and Level Annotations

Branches:
Dungeon (11/15)            Temple (1/1) D:7            Lair (3/6) D:11
 Shoals (0/4) Lair:2       Spider (0/4) Lair:3       Bailey (visited)
    Orc: D:9-12

Altars:
Ashenzari
Cheibriados
Dithmenos
Elyvilon
Fedhas
Gozag
Hepliaklqana
Kikubaaqudgha
Makhleb
Nemelex Xobeh
Okawaru
Qazlal
Ru
Sif Muna
Trog
Uskayaw
Vehumet
Wu Jian
Xom
Yredelemnul
Zin
The Shining One

Annotations:
D:8 1 runed translucent door, Konebred's ghost, novice DECj
Lair:3 exclusion: oklob plant, Sonja

#. ##.# # #.
.. ### . ##
##.#
#.#..##.##
...
.#..###...
.#..#. #...
#.#...#.#
.##.# #.
..#.##.#.#.#
#. X###
#..#X##X.#
##.X...
##XXX.#..X.#.
# .#
#@###..##..X
. #. ###
##..#..#.# #
# .###..##.
#.. .. ##
.### #. # # .
# ## ##


You could see 4 starcursed masses and a large abomination.


Message History

You hit the fungus but do no damage.
The fungus is completely immune to your confusing touch!
Your hands stop glowing.
Sonja gestures wildly while chanting.
Sonja blinks!
Sonja bows elegantly.
Sonja throws a curare-tipped dart.
The curare-tipped dart hits you.
Casting: Confusing Touch (mildly dangerous; 5% risk of failure)
Confirm with . or Enter, or press ? or * to list all spells.
Your hands begin to glow red.
Sonja mumbles some strange words.
Sonja blinks! 😕 HP[-2]
You take 2 damage, and now have 77/99 hp.
You hit Sonja but do no damage.
Sonja appears confused.
You slash the fungus!
The fungus begins to die.
Your +5 spectral battleaxe {axe} hits the fungus!!
You hear a loud, deep croak!
A bullfrog comes into view.
Sonja hits you but does no damage. Space warps horribly around you!
Sonja closely misses you.
Sonja hits you with a +0 short sword of distortion.
You are cast into the Abyss!
This branch contains the abyssal rune of Zot.
Your +5 spectral battleaxe {axe} fades away. 😮 HP[-17]
You take 17 damage, and now have 60/99 hp. 😮 HP[+1] 😮 HP[+1] 😮 HP[+1]
Okay, then. 😮 HP[+1] 😮 HP[+1] 😮 HP[+1] 😮 HP[+1] 😮 HP[+1] 😮 HP[+1] 😮 HP[+1] 😮 HP[+1] 😮 HP[+1] 😮 HP[+1] 😮 HP[+1] 😕 HP[+1] 😕 HP[+1] 😕 HP[+1]
Okay, then. 😕 HP[+1]
A starcursed mass comes into view.
A starcursed mass splits. 😕 HP[+1]
A starcursed mass splits.
A starcursed mass splits. 😕 HP[+1]
A chorus of shrieks assaults your mind. 😮 HP[-10]
You take 10 damage, and now have 70/99 hp. 😮 HP[+1]
A chorus of shrieks assaults your mind. 😮 HP[-4]
You take 4 damage, and now have 67/99 hp. 😮 HP[+1] 😮 HP[+1]
A starcursed mass splits. x2
A starcursed mass splits. 😮 HP[+1]
A starcursed mass splits. 😮 HP[+1]
A large abomination comes into view.
The starcursed mass shrieks in your mind. 😮 HP[-7]
You take 7 damage, and now have 64/99 hp.
As you read the scroll of teleportation {@r4}, it crumbles to dust.
You feel strangely unstable.
You feel the power of the Abyss delaying your translocation!
The large abomination barely misses you. 😮 HP[+1]
A chorus of shrieks assaults your mind. 😮 HP[-8]
You take 8 damage, and now have 57/99 hp.
You barely miss the large abomination. The large abomination hits you!
* * * LOW HITPOINT WARNING * * *
A chorus of shrieks assaults your mind.
* * * LOW HITPOINT WARNING * * *
The large abomination closely misses you. 😨 HP[-22]
You take 22 damage, and now have 35/99 hp.
MASSIVE DAMAGE!! (PAUSE)
You feel better. A chorus of shrieks assaults your mind.
* * * LOW HITPOINT WARNING * * *
The large abomination hits you.
* * * LOW HITPOINT WARNING * * *
😨 HP[-4]
You take 4 damage, and now have 31/99 hp.
You feel better. A chorus of shrieks assaults your mind.
* * * LOW HITPOINT WARNING * * *
The large abomination hits you!!
You die...

Skill      XL: |  1  2  3  4  5  6  7  8  9 10 11 12 13 |
---------------+----------------------------------------+-----
Fighting       | 1 3 4 5 6 7 8 10 | 10.8
Dodging        | 3 4 5 6 7 8 9 11 | 11.9
Spellcasting   | 3 4 5 6 7 8 9 |  9.8
Evocations     | 1 2 3 5 6 |  6.1
Armour         | 1 2 4 6 7 9 |  9.9
Stealth        | |  1.5

Action                   |  1- 3 |  4- 6 |  7- 9 | 10-12 | 13-15 || total
-------------------------+-------+-------+-------+-------+-------++-------
Melee: Dagger            |    20 |       |     9 |    47 |       ||    76
       Unarmed           |     1 |       |       |       |       ||     1
       Battleaxe         |       |       |       |    94 |    76 ||   170
       Punch             |       |       |       |     3 |       ||     3
 Cast: Foxfire           |    66 |   143 |   169 |   550 |    26 ||   954
       Scorch            |     1 |    12 |    73 |    74 |       ||   160
       Conjure Flame     |       |       |     1 |       |       ||     1
       Ozocubu's Armour  |       |       |       |     3 |       ||     3
       Flame Wave        |       |       |       |    23 |     2 ||    25
       Confusing Touch   |       |       |       |       |     6 ||     6
Invok: Curse Item        |       |       |       |     4 |       ||     4
       Shatter the Chain |       |       |       |     1 |     1 ||     2
Evoke: Wand              |       |       |     1 |    15 |       ||    16
  Use: Potion            |       |       |     2 |     3 |     2 ||     7
       Scroll            |       |       |       |    19 |     3 ||    22
 Stab: Paralysed         |       |       |       |     6 |       ||     6
       Distracted        |       |       |       |       |     1 ||     1
       Confused          |       |       |       |       |     1 ||     1
Armor: Robe              |     9 |     1 |    10 |    25 |       ||    45
       Acid dragon scale |       |       |       |   127 |    41 ||   168
       Storm dragon scal |       |       |       |       |     7 ||     7
Dodge: Dodged            |    30 |     9 |    53 |   407 |   121 ||   620

Levels and vault maps discovered:
D:1:      lightli_arrival_maybe_door_vault, layout_rooms,
          shapermc_ecumenical_altar_mp_vishouse
D:2:      layout_basic, basic_altar, uniq_sigmund
D:3:      layout_basic, eat_drink_and_be_merry_uskayaw, roderic_roman_lattice,
          moated_statue, grunt_decor_one_mirror, uniq_terence, uniq_ijyb,
          uniq_crazy_yiuf_cottage
D:4:      layout_layer_cave, nrook_mini_backslash, minmay_door_square
D:5:      layout_basic, minmay_divided_ellipse, uniq_duvessa
D:6:      layout_basic
D:7:      layout_basic, nicolae_qazlal_scattered_showers, temple_hall,
          serial_glass, glass_columns_a, glass_columns_a, glass_columns_a,
          glass_columns_a, glass_columns_b, glass_columns_c, glass_columns_b,
          glass_columns_c, enter_bailey_3
D:8:      layout_basic, ebering_ghost_inner_flame
D:9:      layout_loops_ring, kennysheep_okawaru_gauntlet, chei_slow_surprise,
          lemuel_zombie_altar_yredelemnul, nemelex_diamond_rough_becter,
          dk_xom_monty_hall, lightli_fourway_metalbox, uniq_joseph, uniq_erica
D:10:     layout_big_octagon, fedhas_altar_2, nzn_wu_jian_contemplation,
          overflow_temple_1_default
D:11:     layout_irregular_city, lair_entry_dummy
Temple:   nicolae_temple_no_exploring_needed
Lair:1:   layout_cave_pods, minmay_shattered_shrine
Lair:2:   lemuel_reptile_caves, layout_misc_corridors, elwin_shoals_entry_rooms,
          minivault_24, nicolae_quartered_pool_little, st_stairs_3
Lair:3:   layout_small_grid, spider_nest_entry_a, special_room,
          grunt_megastairs_3, serial_bayou_shore_a, uniq_sonja
Abyss:1:  base:
D:8

Notes
Turn   | Place    | Note
-------+----------+-------------------------------------------
     0 | D:1      | mcwallace the Djinni Fire Elementalist began the quest for
                  | the Orb.
     0 | D:1      | Reached XP level 1. HP: 15/15 MP: 0/0
     0 | D:1      | magus.rc [v1.9.6]
   301 | D:1      | Reached XP level 2. HP: 21/22 MP: 0/0
   308 | D:1      | Reached skill level 1 in Fighting
   569 | D:1      | Reached XP level 3. HP: 24/27 MP: 0/0
   569 | D:1      | Learned a level 1 spell: Animate Skeleton
   918 | D:1      | Found a faded altar of an unknown god.
  1621 | D:2      | Reached skill level 3 in Dodging
  1840 | D:2      | Found a shimmering altar of Xom.
  1842 | D:2      | Reached XP level 4. HP: 32/33 MP: 0/0
  1901 | D:2      | Noticed Sigmund
  2000 | D:2      | Killed Sigmund
  2001 | D:2      | Reached skill level 3 in Fighting
  2001 | D:2      | Reached skill level 4 in Dodging
  2001 | D:2      | Reached skill level 3 in Spellcasting
  2001 | D:2      | Reached XP level 5. HP: 31/40 MP: 0/0
  2001 | D:2      | Learned a level 2 spell: Wereblood
  2001 | D:2      | Reached XP level 6. HP: 35/46 MP: 0/0
  3287 | D:3      | Noticed Terence
  3300 | D:3      | Killed Terence
  3425 | D:3      | Found a hide-covered altar of Uskayaw.
  3425 | D:3      | Noticed Ijyb
  3434 | D:3      | Killed Ijyb
  3553 | D:3      | Found a runed translucent door.
  3554 | D:3      | Noticed Crazy Yiuf
  4096 | D:3      | Killed Crazy Yiuf
  4257 | D:4      | Identified the +5 dagger "Cal Fydd" {vorpal, Fragile rCorr
                  | Str-4 Int+8}
  4344 | D:4      | Reached skill level 1 in Evocations
  4344 | D:4      | Reached XP level 7. HP: 33/50 MP: 0/0
  4344 | D:4      | Learned a level 3 spell: Ozocubu's Armour
  5219 | D:4      | Reached skill level 4 in Fighting
  5219 | D:4      | Reached skill level 5 in Dodging
  5219 | D:4      | Reached skill level 4 in Spellcasting
  5333 | D:4      | Reached skill level 2 in Evocations
  5712 | D:5      | Entered Level 5 of the Dungeon
  5717 | D:5      | Noticed Dowan
  5719 | D:5      | Reached skill level 1 in Armour
  5719 | D:5      | Reached XP level 8. HP: 47/58 MP: 0/0
  5782 | D:5      | Killed Dowan
  6277 | D:5      | Reached skill level 2 in Armour
  6277 | D:5      | Reached skill level 3 in Evocations
  6744 | D:4      | HP: 10/58 [orc warrior (7)]
  6820 | D:4      | HP: 10/58 [orc warrior (14)]
  7077 | D:4      | HP: 13/58 [orc warrior (8)]
  7079 | D:4      | Reached skill level 5 in Fighting
  7079 | D:4      | Reached skill level 6 in Dodging
  7426 | D:5      | Reached XP level 9. HP: 41/65 MP: 0/0
  7426 | D:5      | Learned a level 3 spell: Confusing Touch
  7484 | D:5      | Noticed Duvessa
  7490 | D:5      | HP: 14/65 [Duvessa (17)]
  7490 | D:5      | HP: 3/65 [Duvessa (11)]
  7491 | D:5      | Killed Duvessa
  7492 | D:5      | Reached skill level 3 in Armour
  8424 | D:5      | Reached skill level 4 in Evocations
  8560 | D:5      | Reached skill level 5 in Spellcasting
  8731 | D:5      | HP: 12/66 [something (8)]
  8732 | D:5      | HP: 3/66 [something (9)]
  8735 | D:5      | Killed an unseen horror
  8736 | D:5      | Reached skill level 4 in Armour
  9463 | D:6      | Reached skill level 7 in Dodging
  9563 | D:6      | Reached skill level 6 in Fighting
  9764 | D:6      | HP: 11/66 [wight (9)]
  9787 | D:6      | HP: 15/66 [wight (1)]
 10132 | D:6      | Reached skill level 5 in Evocations
 10139 | D:6      | Reached XP level 10. HP: 60/72 MP: 0/0
 10660 | D:7      | Found a flagged portal.
 10668 | Bailey   | Entered a bailey
 11064 | Bailey   | Reached skill level 5 in Armour
 11245 | Bailey   | Noticed a gargoyle
 11263 | Bailey   | HP: 7/73 [gargoyle/stone arrow (14)]
 11265 | Bailey   | Killed a gargoyle
 11869 | Bailey   | Identified the +1 storm dragon scales "Niunk" {rElec Int+2}
 11870 | Bailey   | S - the +1 storm dragon scales "Niunk" {rElec Int+2, rare}
 12151 | D:7      | You are sucked into a shaft and drop 1 floor!
 12184 | D:7      | Found a stormy altar of Qazlal.
 12233 | D:7      | Reached skill level 8 in Dodging
 12478 | D:7      | Reached skill level 6 in Evocations
 12557 | D:7      | Noticed a manticore
 12567 | D:7      | Killed a manticore
 12568 | D:7      | Reached skill level 7 in Fighting
 12568 | D:7      | Reached skill level 6 in Spellcasting
 12705 | D:7      | Found a staircase to the Ecumenical Temple.
 12716 | Temple   | Entered the Ecumenical Temple
 12937 | Temple   | Became a worshipper of Ashenzari the Shackled
 13318 | D:8      | Noticed a centaur warrior
 13328 | D:8      | Killed a centaur warrior
 13329 | D:8      | Reached skill level 6 in Armour
 13329 | D:8      | Reached XP level 11. HP: 32/79 MP: 0/0
 13329 | D:8      | Learned a level 5 spell: Agony
 14274 | D:7      | HP: 17/80 [yak (9)]
 14587 | D:7      | Reached skill level 9 in Dodging
 14833 | D:8      | Found a runed translucent door.
 14835 | D:8      | Noticed Konebred's ghost (novice DECj)
 15203 | D:9      | Noticed Erica
 15213 | D:9      | Killed Erica
 15214 | D:9      | Reached skill level 8 in Fighting
 15613 | D:9      | Found an iron altar of Okawaru.
 15654 | D:9      | Reached skill level 7 in Armour
 15823 | D:9      | Noticed a two-headed ogre
 15832 | D:9      | Killed a two-headed ogre
 16346 | D:9      | Noticed Joseph
 16643 | D:9      | Killed Joseph
 16644 | D:9      | Reached skill level 7 in Spellcasting
 16913 | D:9      | Noticed a two-headed ogre
 17020 | D:10     | Entered Level 10 of the Dungeon
 17404 | D:10     | Found a blossoming altar of Fedhas.
 17411 | D:10     | Found a white marble altar of Elyvilon.
 17751 | D:10     | Found an ornate altar of the Wu Jian Council.
 18233 | D:9      | Found a basalt altar of Yredelemnul.
 18294 | D:9      | Found a sparkling altar of Nemelex Xobeh.
 18366 | D:9      | Reached XP level 12. HP: 76/88 MP: 0/0
 18488 | D:9      | Killed a two-headed ogre
 18489 | D:9      | Reached skill level 9 in Fighting
 18489 | D:9      | Reached skill level 10 in Dodging
 18699 | D:9      | Found a snail-covered altar of Cheibriados.
 18936 | D:9      | Found a shimmering altar of Xom.
 19006 | D:9      | You finish putting on the +1 storm dragon scales "Niunk"
                  | {rElec Int+2, rare}.
 19011 | D:9      | You finish taking off the +1 storm dragon scales "Niunk"
                  | {rElec Int+2, rare}.
 19351 | D:11     | Noticed a boulder beetle
 19361 | D:11     | HP: 10/89 [boulder beetle (19)]
 19783 | D:11     | Reached * piety under Ashenzari
 19783 | D:11     | Identified a scroll of acquirement
 19784 | D:11     | Acquired a manual of Spellcasting
 19830 | D:11     | Killed a boulder beetle
 19831 | D:11     | Reached skill level 8 in Armour
 20013 | D:11     | Found a staircase to the Lair.
 20545 | Lair:1   | Entered Level 1 of the Lair of Beasts
 20637 | Lair:1   | Noticed a six-headed hydra
 20648 | Lair:1   | Killed a six-headed hydra
 20649 | Lair:1   | Reached skill level 8 in Spellcasting
 22882 | Lair:1   | Reached skill level 11 in Dodging
 22896 | Lair:1   | HP: 20/91 [yak (9)]
 22898 | Lair:1   | HP: 8/91 [yak (13)]
 22907 | Lair:1   | Reached skill level 9 in Armour
 23299 | Lair:2   | HP: 18/91 [komodo dragon (27)]
 23307 | Lair:2   | HP: 22/91 [komodo dragon (15)]
 23309 | Lair:2   | Reached skill level 10 in Fighting
 23701 | Lair:2   | Found a staircase to the Shoals.
 23932 | Lair:2   | Reached ** piety under Ashenzari
 24079 | Lair:2   | Reached XP level 13. HP: 70/99 MP: 0/0
 24079 | Lair:2   | Learned a level 5 spell: Manifold Assault
 24085 | Lair:2   | Reached skill level 9 in Spellcasting
 24379 | Lair:2   | Noticed a six-headed hydra
 24397 | Lair:2   | Killed a six-headed hydra
 24951 | Lair:3   | Found a hole to the Spider Nest.
 25588 | Lair:3   | Noticed Sonja
 25598 | Lair:3   | You are cast into the Abyss!
 25598 | Lair:3   | Cast into level 2 of the Abyss (Sonja)
 25611 | Lair:3   | You pass through the gate.
 25611 | Lair:3   | Escaped the Abyss
 25612 | Lair:3   | HP: 25/101 [Sonja (4)]
 25979 | Lair:3   | You finish putting on the +1 storm dragon scales "Niunk"
                  | {rElec Int+2, rare}.
 26126 | Lair:3   | You are cast into the Abyss!
 26126 | Lair:3   | Cast into level 1 of the Abyss (Sonja)
 26195 | Abyss:1  | Noticed a starcursed mass
 26233 | Abyss:1  | Slain by a large abomination

Vanquished Creatures
  A boulder beetle (D:11)
  2 hydras
  Erica (D:9)
  A centaur warrior (D:8)
  2 two-headed ogres (D:9)
  3 death yaks
  A cyclops (D:11)
  A manticore (D:7)
  An elephant (Lair:1)
  Joseph (D:9)
  2 cane toads
  A gargoyle (Bailey)
  A rime drake (Lair:3)
  2 unseen horrors
  3 komodo dragons
  3 trolls
  A blink frog (Lair:1)
  2 slime creatures (D:9)
  Sigmund (D:2)
  A vampire (Bailey)
  4 wyverns
  27 yaks
  2 basilisks
  A steam dragon (D:9)
  18 water moccasins
  4 acid dragons
  Duvessa (D:5)
  3 black bears
  3 orc warriors
  3 sky beasts (D:5)
  A necrophage (D:6)
  3 ogres
  6 wolves
  4 centaurs
  A phantom (D:5)
  3 kobold brigands
  5 bullfrogs
  6 scorpions
  A water moccasin skeleton (D:4)
  Dowan (D:5)
  8 killer bees
  An electric eel (Lair:2)
  7 vampire bats (Bailey)
  8 wights
  6 wolf zombies (Bailey)
  7 centaur zombies
  4 jellies
  Crazy Yiuf (D:3)
  A gnoll shaman (D:8)
  A hound (D:5)
  A bullfrog skeleton (D:4)
  Ijyb (D:3)
  Terence (D:3)
  2 orc wizards
  6 iguanas
  A killer bee zombie (D:5)
  2 hound skeletons (D:5)
  A howler monkey zombie (D:7)
  23 adders
  9 gnolls
  A howler monkey skeleton (D:5)
  A shadow imp (D:7)
  A white imp (D:7)
  An ufetubus (D:5)
  2 worms
  9 dart slugs
  14 orcs
  16 ball pythons
  3 bats
  6 endoplasms
  3 giant cockroaches
  11 goblins
  3 hobgoblins (D:2)
  21 kobolds
  2 quokkas
  2 frilled lizards (D:3)
  17 orc zombies (Bailey)
  4 rats
336 creatures vanquished.

Vanquished Creatures (others)
  1579 foxfires
  5 fungi
  5 plants
1589 creatures vanquished.

Grand Total: 1925 creatures vanquished

Table legend:
 A = Non-vault XP
 B = Vault XP
 C = Vault XP percentage of total XP
 D = Non-vault monster count
 E = Vault monster count
 F = Vault count percentage of total count
                 A         B        C        D         E       F
            +---------+---------+-------+---------+---------+-------
      Total |   24347 |   10096 |  29.3 |     231 |     105 |  31.2
            +---------+---------+-------+---------+---------+-------
        D:1 |      44 |       0 |   0.0 |      23 |       0 |   0.0
        D:2 |      50 |     227 |  81.9 |      18 |       1 |   5.3
        D:3 |      50 |     113 |  69.3 |      12 |       3 |  20.0
        D:4 |     556 |       0 |   0.0 |      19 |       0 |   0.0
        D:5 |     943 |    1341 |  58.7 |      20 |      15 |  42.9
        D:6 |     903 |       0 |   0.0 |      13 |       0 |   0.0
        D:7 |    1773 |       8 |   0.4 |      18 |       4 |  18.2
        D:8 |    2317 |       0 |   0.0 |      35 |       0 |   0.0
        D:9 |    2365 |    2818 |  54.4 |      17 |      13 |  43.3
       D:10 |    1838 |       0 |   0.0 |       9 |       0 |   0.0
       D:11 |    2573 |       0 |   0.0 |       6 |       0 |   0.0
     Lair:1 |    3958 |    1814 |  31.4 |      18 |       7 |  28.0
     Lair:2 |    4376 |    1973 |  31.1 |      12 |      29 |  70.7
     Lair:3 |    2601 |     361 |  12.2 |      11 |       1 |   8.3
     Bailey |       0 |    1441 | 100.0 |       0 |      32 | 100.0
            +---------+---------+-------+---------+---------+-------

Illustrated notes

Table legend:
 A = Kills in this place as a percentage of kills in entire the game.
 B = Kills by you in this place as a percentage of kills by you in the entire game.
 C = Kills by friends in this place as a percentage of kills by friends in the entire game.
 D = Other kills in this place as a percentage of other kills in the entire game.
 E = Experience gained in this place as a percentage of experience gained in the entire game.
 F = Experience gained in this place divided by the number of levels of this place that you have seen.
                   A       B       C       D       E      F
               +-------+-------+-------+-------+-------+----------------------
         Total | 100.0 | 100.0 |   N/A |   N/A | 100.0 | 1913.5
       Dungeon |  67.3 |  67.3 |   N/A |   N/A |  52.0 | 1629.0
          Lair |  23.2 |  23.2 |   N/A |   N/A |  43.8 | 5027.7
        Bailey |   9.5 |   9.5 |   N/A |   N/A |   4.2 | 1441.0
               +-------+-------+-------+-------+-------+----------------------

Table legend: (Time is in decaauts)
 A = Elapsed time spent in this place.
 B = Non-inter-level travel time spent in this place.
 C = Inter-level travel time spent in this place.
 D = Time resting spent in this place.
 E = Time spent auto-exploring this place.
 F = Levels seen in this place.
 G = Mean time per level.
                   A        B        C        D        E       F      G
               +--------+--------+--------+--------+--------+-----+--------+
         Total |  26369 |  25310 |   1059 |   4126 |  16852 |  18 | 1464.9 |
       Dungeon |  19500 |  18663 |    837 |   3007 |  12645 |  11 | 1772.7 |
        Temple |     71 |     20 |     51 |      0 |      0 |   1 |   71.0 |
          Lair |   5322 |   5151 |    171 |   1119 |   3161 |   3 | 1774.0 |
         Abyss |    121 |    121 |      0 |      0 |      0 |   2 |   60.5 |
        Bailey |   1353 |   1353 |      0 |      0 |   1046 |   1 | 1353.0 |
               +--------+--------+--------+--------+--------+-----+--------+

Top non-repeatable levels by time:
     D:5: 2671 daAuts
     D:4: 2613 daAuts
     D:9: 2430 daAuts
  Lair:1: 2362 daAuts
     D:8: 2349 daAuts
  Lair:2: 2346 daAuts
     D:3: 1603 daAuts
    D:11: 1483 daAuts
     D:2: 1414 daAuts
     D:7: 1394 daAuts
  Bailey: 1353 daAuts
     D:1: 1303 daAuts
    D:10: 1229 daAuts
     D:6: 1007 daAuts
  Lair:3: 614 daAuts
